 Dungeon Crawl Stone Soup version 0.22-b1-26-g9dbaab1 (webtiles) character file.

230232 Gergoth the Eclecticist (level 18, 0/107 HPs)
             Began as a Deep Elf Air Elementalist on Aug 8, 2018.
             Was a High Priest of Sif Muna.
             Killed from afar by a shock serpent (28 damage)
             ... with a bolt of electricity
             ... on level 1 of the Snake Pit.
             The game lasted 02:40:02 (56067 turns).

Gergoth the Eclecticist (DEAE)                     Turns: 56067, Time: 02:40:03

Health: 0/107      AC: 20    Str: 14    XL:     18   Next: 75%
Magic:  37/49      EV: 12    Int: 36    God:    Sif Muna [*****.]
Gold:   1064       SH: 11    Dex: 20    Spells: 2/49 levels left

rFire    + . .     SeeInvis .   E - +6 spear of Bile {venom, MR+ Str+6 Dex+4}
rCold    . . .     Gourm    .   o - +1 buckler (curse)
rNeg     . . .     Faith    .   K - +0 swamp dragon scales
rPois    +         Spirit   .   k - +2 helmet {Int+3}
rElec    .         Reflect  +   X - +2 cloak
rCorr    .         Harm     .   J - +2 pair of gloves {Dex+3}
MR       ++...                  z - +2 pair of boots
Stlth    ++........             R - amulet "Putah" {Reflect Int+3 SH+2}
HPRegen  0.27/turn              s - ring of Goc Git {MP+9 Int+4}
MPRegen  0.31/turn              r - ring of protection from fire

@: very slightly contaminated, divine energy
A: clumsy 1
}: 1/15 runes: decaying
a: Stop Divine Energy, Channel Magic, Forget Spell, Renounce Religion


You were on level 1 of the Snake Pit.
You worshipped Sif Muna.
Sif Muna was extremely pleased with you.
You were hungry.

You visited 7 branches of the dungeon, and saw 32 of its levels.
You visited 1 bazaar.
You also visited: Bailey and Volcano.

You collected 3256 gold pieces.
You spent 2192 gold pieces at shops.

Inventory:

Hand Weapons
 E - the +6 spear of Bile (weapon) {venom, MR+ Str+6 Dex+4}
   (You found it on level 6 of the Dungeon)

   It poisons the flesh of those it strikes.
   It affects your strength (+6).
   It affects your dexterity (+4).
   It affects your resistance to hostile enchantments.
Armour
 k - a +2 helmet of intelligence (worn)
 o - a cursed +1 buckler (worn)
 z - a +2 pair of boots (worn)
 J - a +2 pair of gloves of dexterity (worn)
 K - +0 swamp dragon scales (worn)
 X - a +2 cloak (worn)
Jewellery
 d - an uncursed ring of protection from magic
 r - a ring of protection from fire (right hand)
 s - the ring of Goc Git (left hand) {MP+9 Int+4}
   (You bought it in a shop in a bazaar)

   [ring of magical power]

   It affects your intelligence (+4).
   It affects your magic capacity (+9).
 D - the ring "Uqicucwa" {rC+ rN+ Str+3 Dex+2 Stlth-}
   (You found it on level 2 of the Elven Halls)

   [ring of dexterity]

   It affects your strength (+3).
   It affects your dexterity (+2).
   It protects you from cold.
   It protects you from negative energy.
   It makes you less stealthy.
 G - an uncursed ring of resist corrosion
 L - an uncursed ring of flight
 M - an uncursed ring of see invisible
 R - the amulet "Putah" (around neck) {Reflect Int+3 SH+2}
   (You took it off a deep elf death mage on level 3 of the Elven Halls)

   [amulet of reflection]

   It shields you and reflects attacks.
   It affects your intelligence (+3).
   It affects your SH (+2).
Wands
 f - a wand of paralysis (63)
 t - a wand of digging (33)
 y - a wand of iceblast (30)
 I - a wand of disintegration (15)
 N - a wand of scattershot (7)
 P - a wand of enslavement (15)
 S - a wand of acid (20)
Scrolls
 a - a scroll of holy word
 b - 3 scrolls of blinking
 g - 22 scrolls of remove curse
 i - 5 scrolls of fog
 l - 2 scrolls of teleportation
 m - 5 scrolls of brand weapon
 n - 7 scrolls of enchant weapon
 H - 9 scrolls of identify
 V - 8 scrolls of amnesia
 W - a scroll of magic mapping
 Z - 2 scrolls of enchant armour
Potions
 e - 2 potions of invisibility
 h - 11 potions of heal wounds
 p - 5 potions of magic
 q - 2 potions of resistance
 u - 7 potions of mutation
 v - 2 potions of cancellation
 w - 12 potions of curing
 x - 3 potions of might
 A - 2 potions of ambrosia
 C - 3 potions of haste
 F - a potion of flight
 T - 2 potions of agility
 Y - a potion of brilliance
Miscellaneous
 j - a phantom mirror
Comestibles
 c - 24 rations


   Skills:
 - Level 10.0 Fighting
 - Level 4.0 Armour
 - Level 2.4 Dodging
 - Level 2.4 Stealth
 - Level 11.8 Shields
 - Level 16.0 Spellcasting
 - Level 14.0 Conjurations
 - Level 6.0 Hexes
 - Level 12.8 Translocations
 - Level 6.0 Transmutations
 + Level 15.5 Fire Magic
 - Level 6.0 Ice Magic
 - Level 12.0 Air Magic
 - Level 10.0 Invocations


You had 2 spell levels left.
You knew the following spells:

 Your Spells              Type           Power        Failure   Level  Hunger
a - Lightning Bolt        Conj/Air       #######...   1%          5    None
b - Swiftness             Chrm/Air       ######..     1%          2    None
c - Airstrike             Air            #######...   1%          4    None
d - Sticky Flame          Conj/Fire      #######.     1%          4    None
e - Bolt of Fire          Conj/Fire      #######...   1%          6    None
f - Fireball              Conj/Fire      #######...   1%          5    None
g - Yara's Violent Unrav  Hex/Tmut       ######....   5%          5    None
h - Blink                 Tloc           N/A          1%          2    None
i - Controlled Blink      Tloc           N/A          63%         8    #####..
j - Freezing Cloud        Conj/Ice/Air   #######...   4%          6    None

Your spell library contained the following spells:

 Spells                   Type           Power        Failure   Level  Hunger
 Magic Dart               Conj           ####         0%          1    None
 Apportation              Tloc           ######       0%          1    None
 Conjure Flame            Conj/Fire      #######.     0%          3    None
 Bolt of Magma            Conj/Fire/Erth #######...   1%          5    None
 Slow                     Hex            ######..     1%          2    None
 Confuse                  Hex            ######..     1%          3    None
 Invisibility             Hex            ######..     30%         6    None
 Throw Flame              Conj/Fire      ######       0%          2    None
 Throw Frost              Conj/Ice       ######       1%          2    None
 Mephitic Cloud           Conj/Pois/Air  ######..     1%          3    None
 Ring of Flames           Chrm/Fire      ######....   63%         7    ####...
 Olgreb's Toxic Radiance  Pois           ####....     24%         4    None
 Bolt of Draining         Conj/Necr      ######....   3%          5    None
 Lehudib's Crystal Spear  Conj/Erth      ######....   100%        8    #####..
 Fire Storm               Conj/Fire      #######...   99%         9    #######
 Iskenderun's Mystic Bla  Conj           #######.     1%          4    None
 Summon Horrible Things   Summ           ####......   100%        8    #####..
 Animate Dead             Necr           N/A          24%         4    None
 Pain                     Necr           ####         2%          1    None
 Animate Skeleton         Necr           N/A          2%          1    None
 Vampiric Draining        Necr           ####......   7%          3    None
 Haunt                    Necr/Summ      ####......   100%        7    ####...
 Ozocubu's Armour         Chrm/Ice       ######..     1%          3    None
 Call Imp                 Summ           ####....     3%          2    None
 Poison Arrow             Conj/Pois      ######....   21%         6    None
 Regeneration             Chrm/Necr      ####......   7%          3    None
 Sting                    Conj/Pois      ####         1%          1    None
 Tukima's Dance           Hex            ######..     1%          3    None
 Shock                    Conj/Air       ####         0%          1    None
 Recall                   Summ/Tloc      N/A          1%          3    None
 Ice Form                 Ice/Tmut       ######..     1%          4    None
 Necromutation            Tmut/Necr      ######....   100%        8    #####..
 Glaciate                 Conj/Ice       #######...   100%        9    #######
 Confusing Touch          Hex            ######       1%          1    None
 Flame Tongue             Conj/Fire      #####        0%          1    None
 Ensorcelled Hibernation  Hex/Ice        ######       1%          2    None
 Metabolic Englaciation   Hex/Ice        ######....   5%          5    None
 Summon Butterflies       Summ           ####....     2%          1    None
 Static Discharge         Conj/Air       #######.     1%          3    None
 Alistair's Intoxication  Tmut/Pois      ######..     19%         5    None
 Conjure Ball Lightning   Conj/Air       #######...   1%          6    None
 Chain Lightning          Conj/Air       #######...   58%         8    #####..
 Petrify                  Tmut/Erth      ######..     7%          4    None
 Passage of Golubria      Tloc           N/A          1%          4    None
 Orb of Destruction       Conj           #######...   6%          7    ####...
 Summon Hydra             Summ           ####......   100%        7    ####...
 Shroud of Golubria       Chrm/Tloc      ######....   1%          2    None
 Inner Flame              Hex/Fire       #######.     1%          3    None
 Aura of Abjuration       Summ           ####......   54%         5    None
 Disjunction              Tloc           #######...   63%         8    #####..
 Dazzling Spray           Conj/Hex       ######       1%          3    None
 Force Lance              Conj/Tloc      #######.     1%          4    None
 Summon Forest            Summ/Tloc      ######....   4%          5    None
 Summon Lightning Spire   Summ/Air       ######..     1%          4    None
 Summon Guardian Golem    Hex/Summ       ######..     1%          3    None
 Spellforged Servitor     Conj/Summ      ######....   75%         7    ####...
 Gell's Gravitas          Tloc           #######...   1%          3    None
 Lesser Beckoning         Tloc           #######...   1%          3    None


Dungeon Overview and Level Annotations

Branches:
Dungeon (15/15)            Temple (1/1) D:5            Lair (6/6) D:11
  Swamp (4/4) Lair:2        Snake (1/4) Lair:2        Slime (0/5) Lair:5
    Orc (2/2) D:12            Elf (3/3) Orc:2        Vaults (0/5) D:14
 Depths (0/5) D:15

Altars:
Ashenzari
Cheibriados
Dithmenos
Elyvilon
Fedhas
Gozag
Hepliaklqana
Kikubaaqudgha
Makhleb
Nemelex Xobeh
Okawaru
Qazlal
Ru
Sif Muna
Trog
Uskayaw
Vehumet
Wu Jian
Xom
Yredelemnul
Zin
The Shining One
Beogh
Jiyva

Shops:
D:11 (   Orc:1 *   Orc:2 [:!(   Elf:1 %   Elf:2 (*   Elf:3 [[[=}

Portals:
Trove: D:11 (give 14 scrolls of teleportation)

Annotations:
D:12 1 runed door, Xahyzauwk's ghost, journeyman DEFE
D:15 exclusion: Roxanne, Roxanne
Lair:3 exclusion: oklob plant


Innate Abilities, Weirdness & Mutations

You are clumsy. (Dex -2)


Message History

You are engulfed in freezing vapours.
The shock serpent misses you.
There is an open door here.
Casting: Freezing Cloud (safe; 4% risk of failure)
Confirm with . or Enter, or press ? or * to list all spells.
Okay, then.
Okay, then.
Casting: Freezing Cloud (safe; 4% risk of failure)
Confirm with . or Enter, or press ? or * to list all spells.
You blink.
Casting: Blink (safe; 1% risk of failure)
Confirm with . or Enter, or press ? or * to list all spells.
Aiming: Fireball (safe; 1% risk of failure)
Press: ? - help, Shift-Dir - straight line, f - shock serpent
Aim: a shock serpent (translocational energy)
The fireball explodes!
The fireball engulfs the shock serpent.
The shock serpent is moderately wounded.
The shock serpent shoots out a bolt of lightning at you!
The bolt of electricity hits you!
You die...

...... ###.# #....
#...#####.#.##
#.......#.#..#
.......ยง....##
#.....S#.#...#
#......#.##..#
#......#.##))#####.
+.@....#....[SNN[..
#......###########.
####...... ##.####
.# #


You could see a shock serpent.

Vanquished Creatures
  2 deep elf blademasters (Elf:3)
  A deep elf master archer (Elf:3)
  The ghost of Rwicked the Shatterer, an adept MiBe of Trog (Elf:2)
  8 thorn hunters
  A fire giant (D:15)
  6 deep elf sorcerers
  An orc warlord (Orc:1)
  4 deep elf elementalists
  4 deep elf demonologists (Elf:3)
  6 deep elf annihilators (Elf:3)
  Josephine (D:10)
  Snorg (Lair:3)
  4 deep elf death magi (Elf:3)
  A deep elf high priest (Elf:3)
  Erolcha (Orc:2)
  2 naga warriors (Snake:1)
  The ghost of Terandir the Cleaver, a journeyman MiFi of Cheibriados (D:9)
  23 hydras
  2 centaur warriors (D:13)
  A ghost crab (Swamp:4)
  An ogre mage (Orc:2)
  Erica (D:10)
  3 two-headed ogres
  31 dancing weapons
  3 catoblepae (Lair:6)
  13 alligators
  2 naga sharpshooters
  17 death yaks
  2 orc high priests
  The ghost of melvinkitnick the Covert, a novice OpAs of Ashenzari (D:9)
  A shock serpent (Snake:1)
  Urug (D:11)
  21 deep elf knights
  9 spriggan druids
  An unseen horror (D:13)
  10 swamp dragons
  14 deep elf archers
  2 lindwurms (Swamp:4)
  3 orc knights
  Pikel (D:3)
  60 deep elf magi
  3 manticores
  13 orc sorcerers
  11 ugly things
  A moth of wrath (shapeshifter) (Elf:3)
  5 cyclopes
  10 black mambas
  A guardian serpent (Snake:1)
  An elephant (Lair:5)
  3 gargoyles
  A centaur zombie (D:13)
  A water nymph (shapeshifter) (Elf:3)
  23 spiny frogs
  A naga mage (Snake:1)
  A rime drake (Lair:6)
  7 komodo dragons
  An efreet (D:14)
  7 trolls
  8 polar bears
  2 tengu conjurers (D:14)
  5 tyrant leeches
  3 hornets
  8 blink frogs
  26 slime creatures
  A dream sheep (Lair:4)
  A meliai zombie (D:15)
  14 hippogriffs
  11 bog bodies
  3 air elementals (Elf:2)
  6 spriggans
  2 shadows
  2 water elementals (Elf:2)
  4 wyverns
  26 yaks
  A yak (shapeshifter) (D:12)
  2 basilisks
  3 fire elementals
  5 wraiths (D:10)
  A golden eye (shapeshifter) (D:15)
  11 vampire mosquitoes
  5 wargs
  13 insubstantial wisps
  2 nagas
  18 swamp worms
  A soldier ant (D:13)
  8 porcupines
  11 water moccasins
  15 swamp drakes
  An eye of draining (D:14)
  A hornet zombie (D:13)
  2 ice beasts
  35 orc warriors
  A slave (D:4)
  5 black bears (Lair:1)
  15 ogres
  6 necrophages (Swamp:1)
  4 sky beasts
  4 phantoms
  13 wolves
  19 centaurs
  14 crocodiles
  Blork the orc (D:4)
  18 bullfrogs
  2 big kobolds
  An earth elemental (Elf:1)
  A wyvern zombie (D:6)
  4 scorpions
  3 killer bees (D:10)
  25 wights
  2 electric eels
  A howler monkey (D:11)
  7 crimson imps
  3 hounds
  6 jellies
  2 bullfrog skeletons
  14 orc priests
  49 orc wizards
  8 iguanas
  5 centaur skeletons
  6 worker ants
  2 hound skeletons
  A worker ant zombie (D:5)
  3 gnolls (D:6)
  10 adders
  2 shadow imps
  5 oozes (D:11)
  2 adder zombies
  3 adder skeletons
  A worm (D:4)
  2 dart slugs
  6 leopard geckos
  70 orcs
  4 bats
  9 giant cockroaches
  5 goblins (D:2)
  11 hobgoblins
  3 jackals (D:2)
  19 kobolds
  5 quokkas
  A ball python (D:6)
  3 frilled lizards
  A leopard gecko skeleton (D:8)
  A quokka zombie (D:7)
  7 rats
  4 crawling corpses (Elf:3)
  A fungus (Lair:6)
  5 plants
1040 creatures vanquished.

Vanquished Creatures (others)
  A spriggan (Swamp:4)
  A deep elf archer (Elf:3)
  A hornet (Swamp:4)
  An orc priest (D:4)
  2 orcs
  13 fungi
  25 plants
  2 withered plants (D:9)
46 creatures vanquished.

Grand Total: 1086 creatures vanquished

Notes
Turn   | Place    | Note
-------+----------+-------------------------------------------
     0 | D:1      | Gergoth the Deep Elf Air Elementalist began the quest for the Orb.
     0 | D:1      | Reached XP level 1. HP: 10/10 MP: 6/6
   266 | D:1      | Reached XP level 2. HP: 15/15 MP: 5/8
   602 | D:1      | You fall through a shaft!
   805 | D:2      | Found a deep blue altar of Sif Muna.
   805 | D:2      | Found a bloodstained altar of Trog.
   805 | D:2      | Found a sparkling altar of Nemelex Xobeh.
   805 | D:2      | Found an ornate altar of the Wu Jian Council.
   810 | D:2      | Found a snail-covered altar of Cheibriados.
   825 | D:2      | Became a worshipper of Sif Muna the Loreminder
   894 | D:2      | Reached XP level 3. HP: 11/19 MP: 3/10
  1594 | D:3      | Reached skill level 4 in Spellcasting
  2069 | D:2      | Noticed a bullfrog
  2078 | D:2      | Killed a bullfrog
  2078 | D:2      | Reached XP level 4. HP: 13/24 MP: 6/12
  2563 | D:2      | Reached XP level 5. HP: 28/28 MP: 7/14
  2573 | D:2      | Reached * piety under Sif Muna
  3064 | D:3      | Learned a level 2 spell: Swiftness
  3069 | D:3      | Learned a level 4 spell: Airstrike
  3240 | D:3      | Reached skill level 5 in Spellcasting
  3696 | D:4      | Reached XP level 6. HP: 32/32 MP: 0/16
  3978 | D:4      | Noticed a slave
  4006 | D:4      | Killed a slave
  4195 | D:4      | Identified the Incunabulum of Dislocation
  4239 | D:4      | Found a hide-covered altar of Uskayaw.
  4239 | D:4      | Found a blossoming altar of Fedhas.
  4257 | D:4      | Noticed Blork the orc
  4260 | D:4      | Noticed a slave
  4270 | D:5      | Entered Level 5 of the Dungeon
  4277 | D:4      | Noticed a slave
  4277 | D:4      | Noticed a slave
  4278 | D:4      | Noticed Pikel
  4495 | D:4      | Paralysed by Pikel for 3 turns
  4506 | D:4      | Paralysed by Pikel for 4 turns
  4516 | D:3      | Paralysed by Pikel for 2 turns
  4518 | D:3      | Killed Pikel
  4518 | D:3      | Reached ** piety under Sif Muna
  4518 | D:3      | Reached skill level 7 in Spellcasting
  4518 | D:3      | Reached skill level 5 in Conjurations
  4518 | D:3      | Reached skill level 5 in Air Magic
  4518 | D:3      | Reached XP level 7. HP: 24/36 MP: 1/19
  4934 | D:4      | Killed Blork the orc
  4934 | D:4      | Reached XP level 8. HP: 41/41 MP: 2/21
  5348 | D:5      | Found a shadowy altar of Dithmenos.
  5567 | D:5      | Noticed a troll
  5578 | D:5      | Killed a troll
  5578 | D:5      | Reached skill level 8 in Spellcasting
  5798 | D:5      | Found a staircase to the Ecumenical Temple.
  5807 | Temple   | Entered the Ecumenical Temple
  6127 | D:6      | Found a basalt altar of Yredelemnul.
  6489 | D:6      | Reached *** piety under Sif Muna
  6578 | D:6      | Reached skill level 9 in Spellcasting
  6676 | D:6      | Reached XP level 9. HP: 40/45 MP: 0/24
  6988 | D:6      | Got a crude spear
  7465 | D:7      | Reached skill level 10 in Spellcasting
  7657 | D:7      | Reached **** piety under Sif Muna
  8225 | D:7      | Identified the +6 spear of Bile {venom, MR+ Str+6 Dex+4} (You found it on level 6 of the Dungeon)
  8522 | D:8      | Reached skill level 11 in Spellcasting
  8617 | D:8      | Got a jewelled quarterstaff
  8659 | D:8      | Identified the cursed +2 quarterstaff of the Nine Tales {antimagic, rN++ Dex+4} (You found it on level 8 of the Dungeon)
  9340 | D:9      | Found a flagged portal.
  9480 | Bailey   | Entered a bailey
  9483 | Bailey   | Reached XP level 10. HP: 48/50 MP: 14/27
  9720 | Bailey   | Reached ***** piety under Sif Muna
  9903 | Bailey   | Reached skill level 10 in Conjurations
 10172 | Bailey   | Reached skill level 12 in Spellcasting
 11041 | D:9      | Identified Sif Muna's Compendium of Arcane Weapons (Sif Muna gifted it to you on level 9 of the Dungeon)
 11041 | D:9      | Received a gift from Sif Muna
 11269 | D:9      | Learned a level 4 spell: Sticky Flame
 11276 | D:9      | Learned a level 6 spell: Bolt of Fire
 11457 | D:9      | Found a hazy altar of Hepliaklqana.
 11600 | D:9      | Found a runed gate.
 11600 | D:9      | Found a runed gate.
 11602 | D:9      | Found a runed gate.
 11603 | D:9      | Noticed Terandir's ghost (journeyman MiFi)
 11607 | D:9      | Noticed melvinkitnick's ghost (novice OpAs)
 12038 | D:10     | Entered Level 10 of the Dungeon
 12422 | D:10     | Noticed Erica
 12927 | D:10     | Killed Erica
 12927 | D:10     | Reached XP level 11. HP: 53/54 MP: 5/29
 13314 | D:10     | Reached skill level 1 in Fire Magic
 13551 | D:10     | Noticed Josephine
 13557 | D:10     | Killed Josephine
 14191 | D:11     | Found Cejim's Weapon Shoppe.
 14422 | D:11     | Noticed a purple ugly thing
 14748 | D:11     | Found a portal to a secret trove of treasure.
 14811 | D:11     | Killed a purple ugly thing
 14936 | D:11     | Noticed a death yak
 14937 | D:11     | Noticed a death yak
 14937 | D:11     | Noticed a two-headed ogre
 14953 | D:11     | Killed a death yak
 14953 | D:11     | Reached skill level 1 in Fighting
 14953 | D:11     | Killed a two-headed ogre
 14980 | D:11     | Killed a death yak
 14980 | D:11     | Received a gift from Sif Muna
 14980 | D:11     | Reached skill level 5 in Fire Magic
 14990 | D:11     | Learned a level 5 spell: Fireball
 15127 | D:11     | Found a staircase to the Lair.
 15128 | D:11     | Noticed a death yak
 15128 | D:11     | Noticed a death yak
 15128 | D:11     | Noticed a death yak
 15135 | D:11     | Killed a death yak
 15145 | D:11     | Killed a death yak
 15167 | D:11     | Killed a death yak
 15540 | D:11     | Noticed a six-headed hydra
 15590 | D:11     | Learned a level 5 spell: Lightning Bolt
 15861 | D:11     | Noticed Urug
 15868 | D:11     | Killed Urug
 15868 | D:11     | Reached XP level 12. HP: 67/67 MP: 7/30
 16048 | D:11     | Killed a six-headed hydra
 16048 | D:11     | Reached skill level 1 in Shields
 16377 | Lair:1   | Entered Level 1 of the Lair of Beasts
 16400 | Lair:1   | Reached skill level 5 in Fighting
 18195 | Lair:2   | Learned a level 5 spell: Yara's Violent Unravelling
 18248 | Lair:2   | Reached skill level 1 in Hexes
 18635 | Lair:2   | Found a staircase to the Snake Pit.
 19389 | Lair:2   | Found a staircase to the Swamp.
 20710 | Lair:3   | Noticed Snorg
 20747 | Lair:3   | Killed Snorg
 20747 | Lair:3   | Reached skill level 5 in Hexes
 21018 | Lair:4   | Noticed a seven-headed hydra
 21026 | Lair:3   | Identified Coasoem's Tome of Arcane Weapons (Sif Muna gifted it to you on level 3 of the Lair of Beasts)
 21026 | Lair:3   | Received a gift from Sif Muna
 21314 | Lair:4   | Identified a scroll of acquirement
 21648 | Lair:4   | Reached skill level 10 in Fire Magic
 21648 | Lair:4   | Reached XP level 13. HP: 71/76 MP: 28/31
 22728 | Lair:5   | Found a viscous altar of Jiyva.
 22728 | Lair:5   | Found a staircase to the Slime Pits.
 22991 | Lair:5   | Found a dark tunnel.
 23099 | Volcano  | Entered a volcano
 24917 | Lair:6   | Entered Level 6 of the Lair of Beasts
 25884 | Lair:6   | Found a deep blue altar of Sif Muna.
 25885 | Lair:6   | Reached skill level 10 in Fighting
 25894 | Lair:6   | Reached skill level 1 in Invocations
 26059 | Lair:6   | Reached XP level 14. HP: 80/88 MP: 4/32
 26261 | Lair:6   | Reached skill level 5 in Shields
 26740 | Lair:6   | Reached skill level 5 in Invocations
 27166 | Lair:6   | Learned a level 2 spell: Blink
 27364 | D:12     | Identified Lappei's Papyrus of Flying Intoxication (Sif Muna gifted it to you on level 12 of the Dungeon)
 27364 | D:12     | Received a gift from Sif Muna
 27418 | D:12     | Reached skill level 1 in Transmutations
 27459 | D:12     | Reached skill level 1 in Translocations
 27821 | D:12     | Found a staircase to the Orcish Mines.
 27823 | D:12     | Found a runed door.
 27825 | D:12     | Noticed Xahyzauwk's ghost (journeyman DEFE)
 28153 | D:9      | Killed Terandir's ghost
 28170 | D:9      | Killed melvinkitnick's ghost
 28731 | D:13     | Found a flickering gateway to a bazaar.
 28738 | Bazaar   | Entered a bazaar
 28738 | Bazaar   | Found Ehacoem's General Store.
 28738 | Bazaar   | Found Faidwa's Magic Scroll Shop.
 28738 | Bazaar   | Found Hauwuty's Food Shoppe.
 28740 | Bazaar   | Found Laufyor's Jewellery Shoppe.
 28740 | Bazaar   | Found Dunohila's Jewellery Boutique.
 28787 | Bazaar   | Bought the ring of Goc Git {MP+9 Int+4} for 460 gold pieces
 28793 | Bazaar   | Bought a scroll of acquirement for 676 gold pieces
 28796 | Bazaar   | Bought a scroll of teleportation for 30 gold pieces
 28796 | Bazaar   | Bought a scroll of identify for 20 gold pieces
 28796 | Bazaar   | Bought a scroll of identify for 20 gold pieces
 28796 | Bazaar   | Bought 2 scrolls of magic mapping for 70 gold pieces
 28796 | Bazaar   | Bought a scroll of identify for 20 gold pieces
 29761 | D:14     | Found a gate to the Vaults.
 30614 | D:15     | Entered Level 15 of the Dungeon
 30726 | D:15     | Noticed Roxanne
 30770 | D:15     | Noticed a fire giant
 30787 | D:15     | Killed a fire giant
 30875 | D:15     | Found a staircase to the Depths.
 30898 | D:15     | Reached XP level 15. HP: 92/92 MP: 33/33
 31021 | D:15     | Reached skill level 5 in Translocations
 31030 | D:15     | Reached skill level 5 in Transmutations
 31313 | D:15     | Found an ornate altar of the Wu Jian Council.
 32147 | Orc:1    | Entered Level 1 of the Orcish Mines
 32481 | Orc:1    | Found Huci's Assorted Antiques.
 32503 | Orc:1    | Bought 2 lumpy green potions for 36 gold pieces
 32612 | Orc:1    | Noticed an orc warlord
 32619 | Orc:1    | Killed an orc warlord
 32619 | Orc:1    | Identified Sif Muna's Reference Book on Dark Feathers (Sif Muna gifted it to you on level 1 of the Orcish Mines)
 32619 | Orc:1    | Received a gift from Sif Muna
 32946 | Orc:1    | Found a roughly hewn altar of Beogh.
 33190 | Orc:1    | Reached skill level 10 in Shields
 33331 | Orc:2    | Entered Level 2 of the Orcish Mines
 33974 | Orc:2    | Found a staircase to the Elven Halls.
 34366 | Orc:2    | Found Qigako's Antique Weapon Boutique.
 34389 | Orc:2    | Found an ancient bone altar of Kikubaaqudgha.
 34518 | Orc:2    | Found Qaschya's Book Shop.
 34551 | Orc:2    | Noticed Erolcha
 34555 | Orc:2    | Killed Erolcha
 34739 | Orc:2    | Found a radiant altar of Vehumet.
 34806 | Orc:2    | Found a roughly hewn altar of Beogh.
 34813 | Orc:2    | Found Estie's Distillery.
 34825 | Orc:2    | Found Xenaming's Antique Armour Boutique.
 34996 | Orc:2    | Bought runed steam dragon scales for 860 gold pieces
 35224 | Snake:1  | Entered Level 1 of the Snake Pit
 35449 | Swamp:1  | Entered Level 1 of the Swamp
 37473 | Swamp:1  | Reached skill level 10 in Invocations
 37790 | Swamp:1  | Identified the +8 dagger of Seipt {pain, Str+3 Dex+3} (You found it on level 1 of the Swamp)
 37979 | Swamp:2  | Noticed a thorn hunter
 37982 | Swamp:2  | Killed a thorn hunter
 38315 | Swamp:2  | Identified Emoev's Reference Book on the Dislocated Frostbite (Sif Muna gifted it to you on level 2 of the Swamp)
 38315 | Swamp:2  | Received a gift from Sif Muna
 39033 | Swamp:2  | Reached XP level 16. HP: 92/97 MP: 16/34
 39033 | Swamp:2  | Gained mutation: You are clumsy. (Dex -2) [you]
 40468 | Swamp:3  | Noticed a thorn hunter
 40475 | Swamp:3  | Killed a thorn hunter
 40503 | Swamp:3  | Noticed a thorn hunter
 40506 | Swamp:3  | Killed a thorn hunter
 40538 | Swamp:3  | Noticed a thorn hunter
 40544 | Swamp:3  | Killed a thorn hunter
 40544 | Swamp:3  | Reached skill level 10 in Translocations
 40741 | Swamp:3  | Reached skill level 13 in Spellcasting
 41531 | Swamp:4  | Entered Level 4 of the Swamp
 41531 | Swamp:4  | Noticed a thorn hunter
 41536 | Swamp:3  | Killed a thorn hunter
 41965 | Swamp:4  | Reached skill level 14 in Spellcasting
 42586 | Swamp:4  | Noticed a thorn hunter
 42588 | Swamp:4  | Killed a thorn hunter
 42588 | Swamp:4  | Identified Sif Muna's Volume of Warped Arcane Weapons (Sif Muna gifted it to you on level 4 of the Swamp)
 42588 | Swamp:4  | Received a gift from Sif Muna
 42590 | Swamp:4  | Reached skill level 15 in Spellcasting
 42952 | Swamp:4  | Reached skill level 1 in Armour
 43248 | Swamp:4  | Noticed a thorn hunter
 43257 | Swamp:4  | Killed a thorn hunter
 43474 | Swamp:4  | Got a decaying rune of Zot
 43642 | Swamp:4  | Noticed a thorn hunter
 43649 | Swamp:4  | Killed a thorn hunter
 44181 | Swamp:4  | Reached skill level 16 in Spellcasting
 44184 | Swamp:4  | Noticed a tentacled monstrosity
 44189 | Swamp:4  | Noticed a thorn hunter
 45030 | Snake:1  | Reached XP level 17. HP: 102/102 MP: 29/39
 45299 | Elf:1    | Entered Level 1 of the Elven Halls
 45736 | Elf:1    | Learned a level 8 spell: Controlled Blink
 46245 | Elf:1    | Found Ugalat's Food Emporium.
 46513 | Elf:1    | Identified Zifuam's Catalogue of Flamy Creation (Sif Muna gifted it to you on level 1 of the Elven Halls)
 46513 | Elf:1    | Received a gift from Sif Muna
 47667 | Elf:2    | Found Mawexex's Antique Weapon Shop.
 47935 | Elf:2    | Found a huge runed gate.
 47935 | Elf:2    | Found a huge runed gate.
 47936 | Elf:2    | Found a huge runed gate.
 47938 | Elf:2    | Found a huge runed gate.
 47941 | Elf:2    | Found a huge runed gate.
 48026 | Elf:2    | Reached skill level 10 in Air Magic
 48037 | Elf:2    | Received a gift from Sif Muna
 48212 | Elf:2    | Found a runed door.
 48212 | Elf:2    | Found a shimmering altar of Xom.
 48215 | Elf:2    | Noticed Rwicked's ghost (adept MiBe)
 48799 | Elf:2    | Found Cenean's General Store.
 50595 | Elf:3    | Entered Level 3 of the Elven Halls
 50638 | Elf:3    | Found Qomynu's Jewellery Boutique.
 50747 | Elf:3    | Found Namixaoc's Armour Boutique.
 50800 | Elf:3    | Found Soimm's Gadget Boutique.
 50986 | Elf:3    | Found a deep blue altar of Sif Muna.
 51016 | Elf:3    | Found Jogu's Armour Shoppe.
 51076 | Elf:3    | Found Joco's Armour Shop.
 51080 | Elf:3    | Reached XP level 18. HP: 107/107 MP: 40/40
 51660 | Elf:3    | Identified Kehea's Compendium of the Escort (Sif Muna gifted it to you on level 3 of the Elven Halls)
 51660 | Elf:3    | Received a gift from Sif Muna
 52585 | Elf:3    | Learned a level 6 spell: Freezing Cloud
 52698 | Elf:3    | Reached skill level 1 in Ice Magic
 54256 | Elf:2    | Killed Rwicked's ghost
 54256 | Elf:2    | Reached skill level 15 in Fire Magic
 54265 | Elf:2    | Got a translucent platinum ring
 54269 | Elf:2    | Identified the ring "Uqicucwa" {rC+ rN+ Str+3 Dex+2 Stlth-} (You found it on level 2 of the Elven Halls)
 54614 | Elf:3    | Got a pitted platinum amulet
 54615 | Elf:3    | Identified the amulet "Putah" {Reflect Int+3 SH+2} (You took it off a deep elf death mage on level 3 of the Elven Halls)
 54643 | Elf:3    | Identified the +6 war axe of Objectivity {antimagic, rN+ Int+4 Dex-2} (You took it off a deep elf death mage on level 3 of the Elven Halls)
 54678 | Elf:3    | Reached skill level 5 in Ice Magic
 54954 | Elf:3    | Got a heavily runed brass ring
 54955 | Elf:3    | Identified the ring of Soeteir {*Corrode rC+ Dex+3} (You took it off a deep elf annihilator on level 3 of the Elven Halls)
 56067 | Snake:1  | Killed from afar by a shock serpent

Skill      XL: |  1  2  3  4  5  6  7  8  9 10 11 12 13 14 15 16 17 18 |
---------------+-------------------------------------------------------+-----
Conjurations   | 2 3 5 7 9 13 14 | 14.0
Spellcasting   | 4 5 7 9 11 12 16 | 16.0
Air Magic      | 4 5 6 7 8 10 12 | 12.0
Fire Magic     | 7 10 12 14 15 | 15.5
Fighting       | 4 7 10 | 10.0
Shields        | 4 9 11 | 11.8
Hexes          | 5 6 |  6.0
Invocations    | 1 7 10 | 10.0
Transmutations | 4 6 |  6.0
Translocations | 4 9 10 12 | 12.8
Armour         | 4 |  4.0
Ice Magic      | 6 |  6.0
Dodging        | |  2.4
Stealth        | |  2.4

Action                   |  1- 3 |  4- 6 |  7- 9 | 10-12 | 13-15 | 16-18 || total
-------------------------+-------+-------+-------+-------+-------+-------++-------
Melee: Unarmed           |     9 |       |       |       |       |       ||     9
       Short sword       |       |    15 |     3 |       |       |       ||    18
       Spear             |       |       |     5 |   216 |   333 |    98 ||   652
 Cast: Shock             |    57 |    83 |   173 |    37 |       |       ||   350
       Airstrike         |       |    18 |    73 |   268 |   396 |   422 ||  1177
       Bolt of Fire      |       |       |       |    34 |   195 |   201 ||   430
       Sticky Flame      |       |       |       |    22 |    37 |    15 ||    74
       Fireball          |       |       |       |     9 |    48 |    85 ||   142
       Swiftness         |       |       |       |     3 |       |       ||     3
       Lightning Bolt    |       |       |       |    13 |    19 |    10 ||    42
       Yara's Violent Un |       |       |       |       |     9 |    14 ||    23
       Blink             |       |       |       |       |     5 |    16 ||    21
       Freezing Cloud    |       |       |       |       |       |     9 ||     9
Invok: Divine Energy     |       |       |     1 |       |       |       ||     1
       Channel Magic     |       |       |       |       |     1 |     4 ||     5
Evoke: Wand              |       |     1 |       |       |     4 |     4 ||     9
  Use: Scroll            |       |     6 |     8 |    18 |    20 |    14 ||    66
       Potion            |       |     1 |       |     1 |       |     3 ||     5
 Stab: Sleeping          |     1 |       |       |     2 |       |     2 ||     5
       Invisible         |       |       |       |     2 |       |       ||     2
       Distracted        |       |       |       |     1 |     1 |       ||     2
  Eat: Chunk             |     1 |     8 |    14 |    32 |    69 |    36 ||   160
       Ration            |     1 |       |     1 |     5 |     8 |    10 ||    25
Armor: Robe              |     6 |     8 |     8 |   101 |   144 |     6 ||   273
       Animal skin       |       |     4 |     1 |       |       |       ||     5
       Swamp dragon scal |       |       |       |       |       |    76 ||    76
Dodge: Dodged            |    21 |    47 |    27 |   170 |   238 |    82 ||   585
Block: Buckler           |       |       |       |    26 |   144 |   116 ||   286
       Reflection        |       |       |       |       |       |    22 ||    22
